AoeStats
← jairfrancomf3092

Fortress

510035605Analyzed
4v4 RM · 5d ago on Sep 29, 2026· 59m 12s· 8 players
Game mode
Random Map
Map size
Huge
Population
200
Speed
Normal
Resources
Standard
Victory
Conquest
Starting age
Dark Age
Ending age
Imperial Age
RankedLock teamsTeams togetherTeam positionsShared explorationLock speedFull tech treeHidden civsTurbo modeCheats
Victory
Defeat
🇯🇵 Japanese · Japan
700
+11
🇨🇳 Magyars · China
605
+15
🇪🇨 Khmer · Ecuador
568
+18
🇨🇦 Georgians · Canada
550
+17
🇺🇸 Spanish · United States
637
-17
🇲🇽 Saxons · Mexico
615
-16
🇵🇪 Vietnamese · Peru
573
-15
🇨🇳 Inca · China
522
-13
jairfrancomf3092
6:41 Feudal Age
16:54 Castle Age
16:47 Double-Bit Axe
16:53 Stone Mining
16:46 Horse Collar
18:20 Heavy Plow
18:54 Gold Mining
24:46 Stone Shaft Mining
24:22 Bow Saw
27:08 Imperial Age
27:04 Husbandry
27:15 Bloodlines
27:29 Scale Barding Armor
28:05 Scale Mail Armor
29:05 Fortified Wall
29:48 Wheelbarrow
29:48 Chain Mail Armor
29:54 Chain Barding Armor
29:49 Treadmill Crane
30:31 Murder Holes
31:20 Hand Cart
30:50 Town Watch
33:11 Plate Barding Armor
33:06 Plate Mail Armor
34:05 Elite Monaspa
36:22 Conscription
SENKAII
6:03 Feudal Age
8:34 Double-Bit Axe
12:21 Wheelbarrow
12:54 Horse Collar
16:33 Castle Age
18:08 Husbandry
18:19 Bloodlines
19:43 Hand Cart
24:19 Light Cavalry
24:59 Town Watch
26:25 Fervor
27:23 Town Patrol
27:14 Loom
27:56 Caravan
27:50 Gold Mining
27:50 Stone Mining
29:47 Scale Barding Armor
30:43 Corvinian Army
35:25 Imperial Age
35:28 Chain Barding Armor
35:51 Gold Shaft Mining
36:43 Conscription
35:44 Elite Magyar Huszar
36:29 Recurve Bow
38:01 Plate Barding Armor
37:41 Bow Saw
42:37 Two-Man Saw
46:50 Fletching
47:00 Padded Archer Armor
53:20 Parthian Tactics
52:17 Heavy Cavalry Archer
53:03 Thumb Ring
57:46 Treadmill Crane
58:26 Ballistics
59:07 Chemistry
58:15 Siege Engineers
58:25 Masonry
Mytsogun
1:17 Loom
12:06 Feudal Age
12:36 Double-Bit Axe
13:46 Wheelbarrow
14:14 Horse Collar
16:29 Stone Mining
16:32 Gold Mining
20:20 Castle Age
21:21 Bow Saw
25:49 Stone Shaft Mining
25:52 Gold Shaft Mining
25:45 Hand Cart
26:09 Caravan
32:31 Imperial Age
31:46 Fletching
31:56 Padded Archer Armor
31:52 Town Watch
33:04 Heavy Plow
33:02 Elite Ballista Elephant
34:03 Conscription
33:46 Double Crossbow
35:11 Bodkin Arrow
35:31 Leather Archer Armor
40:30 Ballistics
40:21 Fortified Wall
41:12 Chemistry
40:28 Bracer
40:59 Ring Archer Armor
RuinMireia
8:24 Feudal Age
12:55 Castle Age
10:49 Horse Collar
10:55 Double-Bit Axe
12:56 Wheelbarrow
12:25 Scale Mail Armor
13:51 Bow Saw
13:46 Gambesons
14:45 Squires
14:59 Forging
17:05 Chain Mail Armor
18:15 Squires
18:01 Arson
19:16 Loom
22:57 Fletching
23:43 Iron Casting
27:00 Bodkin Arrow
29:57 Elite Skirmisher
30:43 Thumb Ring
30:40 Padded Archer Armor
30:35 Gold Mining
34:45 Imperial Age
32:31 Hand Cart
32:48 Ballistics
32:42 Masonry
32:27 Murder Holes
32:52 Leather Archer Armor
34:47 Heavy Plow
36:39 Chemistry
35:40 Bracer
36:11 Ring Archer Armor
36:58 Pikeman
39:27 Halberdier
39:28 Man-at-Arms
41:10 Blast Furnace
40:41 Plate Mail Armor
41:57 Conscription
41:48 Long Swordsman
42:41 Two-Handed Swordsman
43:17 Champion
44:28 Kataparuto
isthisthingon
8:33 Feudal Age
9:19 Horse Collar
9:47 Double-Bit Axe
14:47 Castle Age
14:55 Forging
14:43 Gold Mining
16:15 Squires
17:29 Heavy Plow
31:46 Husbandry
33:55 Bloodlines
37:52 Fletching
42:04 Imperial Age
41:43 Stone Mining
44:00 Cavalier
45:23 Capped Ram
55:34 Iron Casting
roberto0301tu
7:06 Feudal Age
5:28 Loom
7:33 Horse Collar
7:41 Double-Bit Axe
16:52 Gold Mining
16:52 Stone Mining
19:47 Castle Age
20:49 Husbandry
21:01 Bloodlines
21:31 Wheelbarrow
22:21 Heavy Plow
22:38 Crossbowman
23:24 Thumb Ring
24:03 Bow Saw
25:29 Gold Shaft Mining
27:38 Imperial Age
27:16 Hand Cart
29:57 Crop Rotation
30:44 Two-Man Saw
29:15 Arbalester
29:56 Town Watch
32:10 Town Patrol
33:49 Fletching
33:59 Padded Archer Armor
34:10 Forging
34:00 Scale Mail Armor
34:05 Scale Barding Armor
35:41 Man-at-Arms
35:42 Elite Varangian Guard
36:32 Caravan
36:43 Guilds
37:13 Coinage
37:06 Long Swordsman
37:07 Pikeman
37:33 Gambesons
37:48 Squires
37:45 Arson
38:11 Elite Skirmisher
38:23 Two-Handed Swordsman
39:42 Champion
42:35 Fortified Wall
42:06 Treadmill Crane
43:29 Chemistry
42:53 Ballistics
42:31 Murder Holes
42:49 Masonry
44:43 Chemistry
43:49 Siege Engineers
43:08 Halberdier
45:24 Iron Casting
45:05 Chain Mail Armor
44:45 Bodkin Arrow
45:05 Leather Archer Armor
45:11 Chain Barding Armor
47:43 Guard Tower
48:24 Architecture
47:40 Arrowslits
47:48 Heavy Mounted Crossbowman
47:48 Cranequins
47:49 Imperial Skirmisher
48:00 Onager
48:01 Heavy Scorpion
49:41 Plate Mail Armor
52:02 Keep
52:38 Elite Hearth Troop
53:46 Shield Wall
54:48 Conscription
55:04 Hoardings
54:59 Conscription
55:15 Hoardings
56:58 Bracer
57:29 Ring Archer Armor
孤傲苍狼啸月圆
14:07 Feudal Age
20:32 Castle Age
19:19 Horse Collar
19:24 Double-Bit Axe
19:34 Gold Mining
23:52 Imperial Age
22:33 Bow Saw
22:17 Stone Mining
30:44 Elite Kamayuk
31:28 Andean Sling
31:34 Fabric Shields
31:49 Elite Skirmisher
33:48 Heavy Plow
34:24 Gold Shaft Mining
34:25 Stone Shaft Mining
35:25 Imperial Skirmisher
37:39 Forging
37:30 Scale Mail Armor
39:23 Iron Casting
38:39 Fletching
38:50 Padded Archer Armor
40:02 Chain Mail Armor
39:48 Padded Archer Armor
39:33 Capped Ram
55:10 Loom
Althair
11:31 Feudal Age
11:59 Double-Bit Axe
12:49 Horse Collar
13:48 Wheelbarrow
14:53 Gold Mining
14:53 Stone Mining
18:05 Castle Age
16:33 Arson
19:20 Bow Saw
21:06 Heavy Plow
28:03 Hand Cart
31:31 Ballistics
31:15 Padded Archer Armor
31:06 Fletching
31:58 Caravan
36:01 Imperial Age
37:17 Elite Battle Elephant
41:51 Elite Rattan Archer
44:21 Chemistry
43:29 Scale Barding Armor
43:25 Scale Mail Armor
43:35 Forging
43:41 Leather Archer Armor
43:49 Chatras
55:47 Two-Man Saw
56:29 Crossbowman
57:15 Thumb Ring
56:32 Elite Skirmisher
57:16 Husbandry
57:27 Bloodlines
57:42 Chain Barding Armor
57:37 Chain Mail Armor
57:58 Iron Casting
57:19 Bodkin Arrow
57:54 Ring Archer Armor
Connection lost

Rejoining the realm…

Still unreachable

The connection could not be restored.

Session expired

The server has moved on; the page needs a fresh start.